[Event "Krakow Championship-A 2022"]
[Site "Krakow"]
[Date "2022.06.27"]
[Round "4.10"]
[White "Danielyan, Vahe"]
[Black "Mikrut, Dariusz"]
[Result "1-0"]
[ECO "B52"]
[WhiteElo "2324"]
[BlackElo "2361"]
[Annotator "TA"]
[PlyCount "123"]
[EventDate "2022.06.25"]
[EventType "swiss"]
[EventCountry "POL"]
[SourceTitle "playchess.com"]
[Source "ChessBase"]
[SourceQuality "1"]
[TimeControl "40/5400+30:1800+30"]

1. e4 c5 2. Nf3 d6 3. Bb5+ Bd7 4. Bxd7+ Nxd7 5. O-O Ngf6 6. Qe2 e6 7. d4 {[%emt 0:00:11] 7.c3 is becoming the main line.} cxd4 8. Nxd4 a6 {[%emt 0:00:25] B52: Sicilian: Moscow Variation with 3...Bd7.} 9. c4 Rc8 {[%emt 0:00:15] 9...g6 is vanishing.} 10. b3 g6 {[%emt 0:00:39] The position is equal.} 11. Bb2 Bg7 12. Nc3 O-O 13. Rad1 Qc7 14. f4 Rfe8 15. Kh1 {[%emt 0:00:08][%cal Oe4e5] [#]} e5 $146 ({Predecessor:} 15... Qa5 16. Qd2 Qh5 17. Nf3 Nc5 18. e5 dxe5 19. Nxe5 Qf5 20. Qe3 h5 21. b4 Nce4 {1-0 (34) Kovalchuk,A (2235)-Zakharov,A (2388) Taganrog 2013}) 16. Ndb5 axb5 $17 17. Nxb5 Qb8 18. f5 (18. Nxd6 $15 exf4 19. Nxc8 Qxc8 20. Rxf4) 18... Bf8 19. Rd3 (19. Bc1 $17 {keeps fighting.}) 19... d5 (19... Be7 $19 {Threatens to win with ...Nc5.} 20. fxg6 fxg6) 20. exd5 Nh5 (20... g5 $17) 21. Qe1 Nf4 ({Black should play} 21... g5 $15) 22. Rdf3 (22. fxg6 $11 hxg6 23. Rdf3) 22... g5 $1 $15 23. g3 e4 (23... g4 $15 24. gxf4 gxf3 25. fxe5 Rxe5 26. Rg1+ (26. Qg3+ Kh8 $15) 26... Kh8) 24. Rxf4 $11 gxf4 25. gxf4 f6 26. Rg1+ Kh8 27. Qh4 (27. Qg3 $11 Bh6 28. Qh4) 27... Bg7 $2 (27... Re7 $1 $19 28. Bxf6+ Nxf6 29. Qxf6+ Rg7) 28. Nd4 Qa7 {[%emt 0:04:09] [#]} (28... Rg8 $11) 29. a4 $2 {[%emt 0:01:40] White is more active.} (29. Rxg7 $1 $16 {[%mdl 512] is forced if you want to stay better.} Kxg7 30. Ne6+ Rxe6 31. fxe6 Qxa2 32. Qg3+ Kf8 33. exd7 Qb1+ 34. Qg1 Qxg1+ 35. Kxg1) 29... Qa5 $2 {[%emt 0:03:35][%mdl 8192] [#]} (29... Rg8 $17 {stays on course.} 30. Rg3 Bf8) 30. Ne6 $2 ({White must play} 30. Rxg7 $1 $18 Kxg7 31. Ne6+ Rxe6 32. fxe6) 30... Rg8 $17 {[%emt 0:00:13] ...Qd2 is the strong threat.} 31. Qf2 {[%emt 0:12:29] Prevents Qd2.} Qb4 (31... Bh6 $17 {And now ...Rxg1+ would win.} 32. Ng5 Rg7) 32. Rg3 $11 e3 33. Qxe3 Bh6 34. Ng5 $2 (34. Rh3 $11 {and White is okay.} Bf8 35. Qf2) 34... Bxg5 $19 35. fxg5 Rge8 (35... Rce8 $142 36. Qc3 Qe7 37. Qxf6+ Nxf6 38. Bxf6+ Qxf6 $1 39. gxf6 Ref8) 36. Qc3 Re1+ 37. Kg2 Qxc3 ({Not} 37... Re2+ 38. Kf1 Qxc3 39. Bxc3 Rxh2 40. gxf6 $11) (37... Qe7 $1 $19 {[%cal Re7e2] Strongly threatening ...Qe2+.} 38. Qxf6+ Nxf6 39. Bxf6+ Qxf6 $1 40. gxf6 Re5) 38. Bxc3 $11 Re7 (38... Rb1 $11) 39. gxf6 $16 ({Weaker is} 39. Bxf6+ Nxf6 40. gxf6 Rf7 $17) 39... Rf7 40. Re3 {[%emt 0:00:04] Against Re8} ({White should try} 40. Kf3 $1 $16) 40... Kg8 41. Kf3 $132 {[%emt 0:37:37][%mdl 2048] White puts up resistance} Nxf6 42. Kf4 h6 43. Bxf6 Rxf6 44. Re6 Rcf8 (44... Kg7 $11) 45. Rxf6 $18 Rxf6 {[%emt 0:00:05][%mdl 4096] Endgame KR-KP} 46. c5 {[%emt 0:00:00] Prevents Rb6.} Ra6 $2 {[%emt 0:03:43] [#]} (46... Rf8) 47. Ke5 $1 Kf7 {[%emt 0:00:06] [#]} 48. d6 $2 ({White has to play} 48. h3 $1 $18 h5 49. h4) 48... Ra8 $11 {[%emt 0:04:59] aiming for ...Re8+.} 49. Kd5 Rg8 50. a5 Rg5 51. c6 bxc6+ (51... Rxf5+ $2 52. Ke4 Ke6 53. cxb7 $18) 52. Kxc6 Rxf5 53. b4 {[%emt 0:00:00][%cal Bb3b4,Bb4b5][%mdl 32] Hoping for a6.} Ke6 54. a6 {[%emt 0:00:00] Black must now prevent a7.} Rf7 (54... Rd5 $11) 55. b5 $18 Ra7 56. h3 h5 57. h4 {[%emt 0:00:00] Threatening mate with Kb6.} Ra8 58. d7 {[%emt 0:00:00] White mates.} Ke7 59. Kb7 Rd8 60. a7 Rxd7+ 61. Ka6 Rd8 62. b6 {[%emt 0:00:00] Both players deserved the win here.  Weighted Error Value: White=0.62/Black=0.77} ({Inferior is} 62. Kb7 Kd6 $11) 1-0

[Event "Krakow Championship-A 2022"]
[Site "Krakow"]
[Date "2022.06.27"]
[Round "4.11"]
[White "Klimkowski, Jan"]
[Black "Kyc, Jerzy"]
[Result "1-0"]
[ECO "B90"]
[WhiteElo "2401"]
[BlackElo "2213"]
[Annotator "TA"]
[PlyCount "89"]
[EventDate "2022.06.25"]
[EventType "swiss"]
[EventCountry "POL"]
[SourceTitle "playchess.com"]
[Source "ChessBase"]
[SourceQuality "1"]
[TimeControl "40/5400+30:1800+30"]

1. e4 c5 2. Nf3 d6 3. d4 cxd4 4. Nxd4 Nf6 5. Nc3 a6 6. f3 h5 {[%emt 0:06:11] B90: Sicilian Najdorf: Unusual White 6th moves, 6 Be3 Ng4 and 6 Be3 e5.} 7. Bg5 Nbd7 8. Qd2 e6 {[%emt 0:08:14] White is better.} 9. O-O-O Qc7 {[%emt 0:01:39] [#] Prevents Bc4.} 10. h4 $146 ({Predecessor:} 10. Kb1 Be7 11. h4 Ne5 12. f4 Neg4 13. g3 b5 14. a3 Rb8 15. Bg2 b4 16. axb4 Rxb4 {0-1 (97) Farago,S (2237)-Ilincic,Z (2398) Budapest 2019}) 10... b5 11. Bxb5 axb5 12. Ndxb5 Qc6 ({Black should play} 12... Qa5 $1 $15) 13. Nxd6+ $14 Bxd6 14. Qxd6 Qxd6 15. Rxd6 O-O 16. Rhd1 {[%emt 0:05:18][%mdl 1024] White has compensation.} Ne5 17. Bf4 Ng6 18. Bg3 e5 19. a4 Be6 20. b3 Rfc8 21. Kb2 Kf8 22. Nb5 Ne8 23. Rb6 Nc7 24. Bf2 {[%emt 0:04:17] 0x0.002229f140aadp-1022s more active pieces.} Nxb5 25. Rxb5 Rc6 26. a5 f5 {[%emt 0:05:37] White leaves nothing to chance now.} (26... Ke8 $14) 27. c4 fxe4 28. fxe4 Rca6 29. Bb6 Nxh4 (29... Rc8 $16 30. g3 Bg4) 30. Rxe5 $18 Bg4 31. Rd2 Ng6 32. Rg5 Ne7 33. b4 Nc8 34. Rf2+ Kg8 35. Bd4 g6 36. Kc3 {[%emt 0:02:17] And now Re5 would win.} Re6 37. Bc5 Nd6 38. Bxd6 Rxd6 39. Rd5 Re6 40. Kd4 Bd1 (40... Re7 $142 41. Rf6 Rae8) 41. e5 Raa6 (41... Bg4 $142 42. Rd6 g5) 42. Ra2 {[%emt 0:01:13] White is clearly winning.} h4 43. b5 Ra8 44. b6 Rf8 45. Rd6 {[%emt 0:02:19] Weighted Error Value: White=0.07 (flawless) /Black=0.23 (precise)} 1-0

[Event "Krakow Championship-A 2022"]
[Site "Krakow"]
[Date "2022.06.27"]
[Round "4.12"]
[White "Gahan M G"]
[Black "Marszalek, Maciej"]
[Result "0-1"]
[ECO "C00"]
[WhiteElo "2248"]
[BlackElo "2290"]
[Annotator "TA"]
[PlyCount "122"]
[EventDate "2022.06.25"]
[EventType "swiss"]
[EventCountry "POL"]
[SourceTitle "playchess.com"]
[Source "ChessBase"]
[SourceQuality "1"]
[TimeControl "40/5400+30:1800+30"]

1. e4 e6 2. d3 c5 3. Nf3 Nc6 4. g3 a6 5. Bg2 b5 6. c3 Bb7 7. O-O Nf6 8. Re1 {[%emt 0:00:42] The position is equal.} d5 9. Nbd2 Be7 10. Qe2 Qc7 11. Nf1 b4 12. h4 a5 13. Bg5 (13. exd5 $14 Nxd5 14. Ne3) 13... dxe4 $11 14. dxe4 h6 (14... Ba6 $5 15. Qc2 Rd8 $11) 15. Bf4 Qc8 (15... e5 $2 {[#]} 16. Nxe5 $1 Nxe5 17. Bxe5 Qxe5 18. Qb5+ Nd7 19. Qxb7 $16) 16. Rad1 bxc3 17. bxc3 O-O 18. N1h2 Rd8 19. Qe3 Rxd1 20. Rxd1 Qf8 21. g4 Rd8 22. Rb1 Ba6 23. Rb6 (23. g5 $11 hxg5 24. hxg5) 23... Rd1+ $17 {[%emt 0:00:09] White is on the road to losing.} 24. Ne1 (24. Bf1 $17 {might work better.} Qc8 25. g5 hxg5 26. hxg5) 24... Qc8 $19 25. Bf3 (25. Bf1 {was worth a try.} Bxf1 26. Nxf1) 25... Ra1 26. e5 Nd5 27. Bxd5 exd5 28. Kg2 (28. e6 {was forced.} fxe6 29. Nhf3) 28... d4 ({Not} 28... Rxa2 $2 29. Nef3) ({Inferior is} 28... Bxh4 29. Qxc5 Bb7 30. Nef3 $17) 29. Qe4 (29. cxd4 $142 Bd8 30. Rb2) 29... Bb7 {[%emt 0:00:07] And now ...Nd8 would win.} 30. cxd4 cxd4 31. Nef3 Nd8 {[%emt 0:02:01] The board is on fire.} ({And not} 31... Rxa2 32. Qb1 Nb4 33. Rxb4 Rxf2+ 34. Kxf2 $11) 32. Qe2 (32. Qxd4 Rxa2 33. Be3) 32... Ne6 33. Bg3 Bc5 34. Rb2 Bb4 {[%emt 0:01:11] A strong pair of Bishops.} 35. Kh3 Ba6 36. Qe4 Bb7 $2 ({Black should play} 36... Qc1 $19 {( -> ...Bf1+)} 37. Qa8+ Bc8 38. Rxb4 axb4) 37. Qf5 $2 (37. Qe2 $11 Qc1 38. Ne1 Qxe1 39. Qxe1 Rxe1 40. f3) 37... Qd7 {[%emt 0:00:36] ...d3 is the strong threat.} 38. h5 Qd5 39. Bf4 Rxa2 40. Rxa2 Qxa2 41. Kg3 Qd5 {[%emt 0:31:19] aiming for ...d3.} 42. g5 hxg5 43. Bxg5 Qe4 44. Qxe4 Bxe4 45. Bd2 Bc3 46. h6 a4 47. Bc1 d3 {[%emt 0:00:00] Threatens to win with ...Bxf3.} 48. hxg7 Kxg7 {[%emt 0:00:00] White must now prevent ...Bxf3.} 49. Nf1 Bg6 50. Ne3 Nc5 51. Nd5 $2 (51. Ba3 Nb3 52. Kf4) 51... Ne4+ 52. Kf4 d2 53. Nxd2 Bxd2+ 54. Bxd2 Nxd2 55. Ke3 Nb3 56. f4 a3 {[%emt 0:00:00] Black mates.} 57. Nb4 Bb1 58. Kf3 a2 59. Nxa2 Bxa2 60. f5 Nd4+ 61. Ke4 {[%emt 0:00:00] [#]} Nxf5 $1 {[%emt 0:00:00] Weighted Error Value: White=0.94/Black=0.48} 0-1

[Event "Krakow Championship-A 2022"]
[Site "Krakow"]
[Date "2022.06.27"]
[Round "4.13"]
[White "Stevik, Patrik jun."]
[Black "Paszewski, Mateusz"]
[Result "1/2-1/2"]
[ECO "D02"]
[WhiteElo "2188"]
[BlackElo "2286"]
[Annotator "TA"]
[PlyCount "63"]
[EventDate "2022.06.25"]
[EventType "swiss"]
[EventCountry "POL"]
[SourceTitle "playchess.com"]
[Source "ChessBase"]
[SourceQuality "1"]
[TimeControl "40/5400+30:1800+30"]

1. Nf3 d5 2. d4 Nf6 3. c4 c6 4. g3 Bf5 5. Qb3 Qb6 6. Qxb6 {[%emt 0:06:03] D11: Slav Defence: 3 Nf3 sidelines and 3...Nf6 4 e3 Bg4.} axb6 7. cxd5 Nxd5 8. Bd2 {[%emt 0:03:21] [#] Against Nb4} Nd7 $146 ({Predecessor:} 8... e6 9. Bg2 Bxb1 10. Rxb1 Rxa2 11. O-O Be7 12. Ra1 Ra6 13. Rfc1 O-O 14. e4 Nf6 {0-1 (52) Fabrega,E (2146)-Munoz,F (2259) Buenos Aires 2015}) 9. Bg2 e6 10. O-O Be4 11. Rc1 Be7 12. Bc3 ({White should play} 12. a4 $11) 12... b5 13. Nbd2 Bg6 14. e4 Nxc3 15. bxc3 Ra4 16. Bf1 Nf6 17. Bd3 O-O 18. Ne5 Rfa8 19. Nxg6 hxg6 20. Rc2 Nd7 21. Nf3 Ra3 22. Be2 Nb6 23. Kg2 Kf8 24. Ne5 Bd6 {[%emt 0:00:42] [#] Hoping for ...Bxe5.} 25. f4 (25. Nf3 $15) 25... Bxe5 26. fxe5 Ke7 27. h4 R8a4 28. Kh3 (28. Kf2 $17) 28... Nc4 (28... f6 $19 {has better winning chances. White must now prevent ...fxe5.} 29. exf6+ gxf6) 29. Bd3 (29. Bxc4 $142 Rxc4 30. Rb1) 29... Ne3 ({Better is} 29... f6 $17 30. exf6+ gxf6) 30. Re2 $11 Nc4 31. Rf2 {[%emt 0:02:33] [#] Raf1 is the strong threat.} Ra8 32. Raf1 {[%emt 0:01:43] Weighted Error Value: White=0.19 (very precise) /Black=0.14 (very precise)} 1/2-1/2

[Event "Krakow Championship-A 2022"]
[Site "Krakow"]
[Date "2022.06.27"]
[Round "4.14"]
[White "Liu, Casper"]
[Black "Balaji Sekar"]
[Result "0-1"]
[ECO "A05"]
[WhiteElo "2218"]
[BlackElo "1189"]
[Annotator "RC"]
[PlyCount "100"]
[EventDate "2022.06.25"]
[EventType "swiss"]
[EventCountry "POL"]
[SourceTitle "playchess.com"]
[Source "ChessBase"]
[SourceQuality "1"]
[TimeControl "40/5400+30:1800+30"]

1. Nf3 Nf6 2. g3 d5 3. Bg2 e6 4. O-O c5 5. c4 Nc6 6. d4 dxc4 7. dxc5 Qxd1 8. Rxd1 Bxc5 9. Nbd2 c3 10. bxc3 O-O 11. Nb3 Be7 12. Nfd4 Nxd4 13. cxd4 Nd5 14. Bd2 f5 15. Na5 b6 16. Nc6 Bf6 17. e3 Bb7 18. Nb4 Rfc8 19. a4 Rab8 20. Nxd5 Bxd5 21. Bxd5 exd5 22. a5 b5 23. a6 Be7 24. Rdb1 b4 25. Rb3 Rc2 26. Be1 Kf7 27. Rab1 Rc6 28. Ra1 Ke6 29. h4 Rbb6 30. Rab1 Rc4 31. Kg2 Kd7 32. Kf3 Bd6 33. g4 fxg4+ 34. Kxg4 Kc6 35. Kf5 Rb8 36. Kg4 Kb5 37. Kf5 Rf8+ 38. Kg4 Rf6 39. h5 Be7 40. f4 Rxa6 41. Kf5 Rf6+ 42. Ke5 Kc6 43. Bxb4 Rxb4 44. Rc1+ Rc4 45. Rxc4+ dxc4 46. Rc3 Kb5 47. e4 Bb4 48. Rc2 c3 49. d5 Kc4 50. Rg2 Bd6# 0-1

[Event "Krakow Championship-A 2022"]
[Site "Krakow"]
[Date "2022.06.27"]
[Round "4.15"]
[White "Gjestemoen-VonHirsch, Andre"]
[Black "Turcan, Richard"]
[Result "0-1"]
[ECO "A45"]
[WhiteElo "2236"]
[BlackElo "2278"]
[Annotator "TA"]
[PlyCount "50"]
[EventDate "2022.06.25"]
[EventType "swiss"]
[EventCountry "POL"]
[SourceTitle "playchess.com"]
[Source "ChessBase"]
[SourceQuality "1"]
[TimeControl "40/5400+30:1800+30"]

1. d4 Nf6 2. Bf4 c5 3. e3 Nd5 4. Bg3 Qb6 5. c4 Qxb2 {[%emt 0:03:18] [#] Strongly threatening ...Nb4.} 6. cxd5 Qxa1 7. Qc2 e6 {[%emt 0:05:11] [#]} (7... Na6 $11 {remains equal.} 8. Bxa6 bxa6) 8. Nf3 $1 $16 {[%emt 0:20:41] White is clearly better.} exd5 {[%emt 0:02:12] White must now prevent ...Nc6.} 9. Bb5 c4 (9... Nc6 $16) 10. O-O $18 Bb4 {[%emt 0:00:17] Against Nc3} 11. Bxb8 $2 (11. Qf5 Nc6 12. Qxd5 O-O $11) (11. a3 $18 Bxa3 12. Nc3) 11... Rxb8 $15 12. Qf5 {[%emt 0:01:05] Qe5+ is the strong threat.} O-O ({Black should try} 12... f6 $1 $11 13. Qxd5 Qxa2 14. Bxc4 Qc2) 13. Ng5 $14 g6 14. Qxd5 Qxa2 {[%emt 0:23:04] [#] Hoping for ...Qc2.} 15. Nxf7 $1 Kg7 (15... Rxf7 $2 16. Bxc4 Qxc4 17. Qxc4 $18) 16. Nd6 {[%emt 0:05:19][%mdl 1024] White has strong compensation.} ({Don't go for} 16. Bxc4 $2 Qa5 17. Bb5 Qb6 $19) 16... Qa5 $2 (16... b6 $1 $11 {and Black has nothing to worry.}) 17. Qe5+ $18 Kh6 18. h4 $2 ({White should play} 18. f4 $18 {Rf3 would kill now.} Bxd6 19. Qxd6) 18... Qd8 $15 19. Nf7+ $2 {[%emt 0:03:27][%mdl 8192] This costs White the game.} Rxf7 $19 {[%emt 0:00:11] Black is clearly winning.} 20. Qxb8 d5 {[%emt 0:03:46] Threatens to win with ...Bd6.} 21. Qxa7 (21. Qg3 $142 a6 22. Ba4) 21... Qxh4 22. Qb8 Bf5 {[%emt 0:03:52] And now ...Bd3 would win.} 23. f3 Bd3 {[%emt 0:02:01] A strong pair of Bishops.} 24. Be8 (24. Rd1 $142) 24... Rf6 {[%emt 0:00:54] aiming for ...Bd6.} 25. Rf2 Bd6 {[%emt 0:00:24] Weighted Error Value: White=1.15/Black=0.50} 0-1

[Event "Krakow Championship-A 2022"]
[Site "Krakow"]
[Date "2022.06.27"]
[Round "4.16"]
[White "Kantorik, Marian"]
[Black "Pniaczek, Marek"]
[Result "0-1"]
[ECO "D20"]
[WhiteElo "2211"]
[BlackElo "2298"]
[Annotator "TA"]
[PlyCount "74"]
[EventDate "2022.06.25"]
[EventType "swiss"]
[EventCountry "POL"]
[SourceTitle "playchess.com"]
[Source "ChessBase"]
[SourceQuality "1"]
[TimeControl "40/5400+30:1800+30"]

1. d4 d5 2. c4 dxc4 3. e3 Nf6 4. Bxc4 e6 5. Nc3 a6 6. a4 b6 7. Be2 Bb7 8. Bf3 Qc8 {[%emt 0:01:20] The position is equal.} 9. Bxb7 Qxb7 10. Nf3 Nbd7 11. O-O Bd6 12. Qc2 e5 (12... c5 $11) 13. dxe5 (13. e4 {keeps more tension.} O-O 14. Bg5 exd4 15. Nxd4 Rfe8 16. f3) 13... Nxe5 14. Nxe5 Bxe5 15. Qf5 Bxc3 16. bxc3 Qe4 {[%emt 0:04:04] Prevents Qe5+.} 17. Qg5 O-O 18. c4 Qxc4 19. Bb2 Qe6 20. Rac1 Ne8 {[%emt 0:05:18] [#]} (20... h6 $11 21. Qh4 Ne8) 21. Qg3 (21. Rxc7 $1 $14 {keeps the upper hand.} f6 22. Re7 $1) 21... f6 ({Black should try} 21... Qa2 $17 22. Ba1 f6) 22. Rfd1 Qb3 23. Qf3 Rc8 ({Black should play} 23... Rb8 $17 24. Qd5+ Qxd5 25. Rxd5 c5) 24. Qd5+ (24. Rd2 $11) 24... Qxd5 $15 25. Rxd5 Nd6 26. Ba3 Rfd8 $36 {[%emt 0:02:00][%cal Od6c4][%mdl 2048] ...Nc4! is the strong threat. Black fights for an advantage.} 27. Kf1 Nb7 28. Rxd8+ Nxd8 $17 {[%emt 0:00:09][%mdl 4096] Endgame KRB-KRN} 29. a5 {[%emt 0:00:03] [#]} b5 {[%emt 0:00:50] aiming for ...c6.} ({Much worse is} 29... bxa5 30. Rc5 $15) 30. Bd6 $2 {[%emt 0:03:55] This move loses the game for White.} (30. Be7 $17) 30... c6 31. Bc5 Nb7 32. Bb6 Kf7 33. Ke2 Ke6 34. Kd3 c5 35. g4 c4+ 36. Ke4 (36. Kc2 {keeps fighting.}) 36... Nc5+ $19 37. Kf3 Nd3 {[%emt 0:00:33] Weighted Error Value: White=0.36/Black=0.18 (very precise)} 0-1

[Event "Krakow Championship-A 2022"]
[Site "Krakow"]
[Date "2022.06.27"]
[Round "4.17"]
[White "Lim, Zhuo Ren"]
[Black "Easwaralingam, Adesh"]
[Result "1-0"]
[ECO "E04"]
[WhiteElo "2290"]
[BlackElo "2116"]
[Annotator "RC"]
[PlyCount "55"]
[EventDate "2022.06.25"]
[EventType "swiss"]
[EventCountry "POL"]
[SourceTitle "playchess.com"]
[Source "ChessBase"]
[SourceQuality "1"]
[TimeControl "40/5400+30:1800+30"]

1. d4 Nf6 2. Nf3 d5 3. c4 e6 4. g3 dxc4 5. Bg2 Nc6 6. O-O Rb8 7. Be3 b5 8. a4 a6 9. axb5 axb5 10. b3 cxb3 11. Qxb3 Bd6 12. Rc1 Bd7 13. Qb2 Nd5 14. Bg5 f6 15. Bd2 Nb6 16. Qxb5 Ne5 17. Qb3 Nbc4 18. Qd1 Nxf3+ 19. Bxf3 Nxd2 20. Nxd2 O-O 21. Ne4 Bc8 22. Ra7 Rf7 23. Qc2 Qe8 24. Nxd6 cxd6 25. Rxf7 Kxf7 26. Qxh7 Qg8 27. Rc7+ Kf8 28. Qc2 1-0

[Event "Krakow Championship-A 2022"]
[Site "Krakow"]
[Date "2022.06.27"]
[Round "4.18"]
[White "Michalicka, Milan"]
[Black "Szustakowski, Antoni"]
[Result "0-1"]
[ECO "E33"]
[WhiteElo "2222"]
[BlackElo "2265"]
[Annotator "TA"]
[PlyCount "74"]
[EventDate "2022.06.25"]
[EventType "swiss"]
[EventCountry "POL"]
[SourceTitle "playchess.com"]
[Source "ChessBase"]
[SourceQuality "1"]
[TimeControl "40/5400+30:1800+30"]

1. d4 Nf6 2. c4 e6 3. Nc3 Bb4 4. Qc2 Nc6 5. Nf3 d6 6. Bd2 O-O 7. a3 Bxc3 8. Bxc3 Qe7 9. e3 e5 {[%emt 0:00:28] The main line 9...e5 scores better than 9...a5.} 10. d5 {[%emt 0:00:18] E33: Nimzo-Indian: Classical: 4...Nc6.} Nb8 11. Nd2 a5 (11... b5 $5) 12. b3 {[%emt 0:00:53] [#] White has an edge.} e4 $146 ({Predecessor:} 12... b5 13. Be2 bxc4 14. bxc4 Nbd7 15. Nb3 a4 16. Nd2 Nc5 17. O-O Bd7 18. Bb4 Na6 {1-0 (42) Esipenko,A (2705)-Tregubov,P (2543) Chartres 2022}) 13. Be2 Bf5 14. g4 (14. O-O $14) 14... Bxg4 $11 15. Bxg4 Nxg4 16. Rg1 (16. Qxe4 $11 Qxe4 17. Nxe4) 16... f5 $15 17. O-O-O Ne5 (17... Nd7 $17 {aiming for ...a4.} 18. Nxe4 g6) 18. Kb1 {[%emt 0:02:57] Loses the game.} (18. f4 $11 {and White has nothing to worry.} Nd3+ 19. Kb1) 18... Nbd7 $19 19. f3 a4 20. b4 exf3 21. Nxf3 Nxc4 {[%emt 0:00:02] Pair of Knights!} (21... Nxf3 22. Rxg7+ Qxg7 23. Bxg7 Kxg7 24. Qg2+ Kh8 25. Qxf3 $18) 22. Qe2 Nde5 ({And not} 22... Nxa3+ 23. Ka2 g6 24. Kxa3 $11) 23. Ka2 (23. Rxg7+ {might work better.} Qxg7 24. Rg1 Nxa3+ 25. Ka2 Qxg1 26. Nxg1) 23... Rf6 ({Not} 23... b5 $2 24. Nd4 $19) 24. Nd4 Qf7 {[%emt 0:04:05] Threatens to win with ...Nb6.} 25. Nf3 $2 {[%emt 0:07:30] [#]} (25. Ne6 Rxe6 26. dxe6 Qxe6 27. Ka1) 25... Nxf3 ({Don't go for} 25... b5 $2 26. Ng5 Qe7 27. Rc1 $19) 26. Qxf3 Ne5 27. Qe2 f4 28. exf4 Rxf4 {[%emt 0:00:18] [#] ...Rf2 is the strong threat.} 29. Rd2 Re8 30. Qb5 c6 31. Qxa4 cxd5 {[%emt 0:00:12] Strongly threatening ...d4+.} 32. Qb3 $2 (32. Ka1) 32... Rf3 {[%emt 0:01:25] White must now prevent ...Nc4.} 33. Rgd1 Rc8 34. Rxd5 Rcxc3 {[%emt 0:00:57] Black mates.} 35. Qa4 Rxa3+ 36. Qxa3 Rxa3+ 37. Kxa3 Nc4+ {[%emt 0:00:02] Weighted Error Value: White=0.92/Black=0.18 (very precise)} 0-1

[Event "Krakow Championship-A 2022"]
[Site "Krakow"]
[Date "2022.06.27"]
[Round "4.19"]
[White "Sieber, Fiona"]
[Black "Torkkola, Henri"]
[Result "1-0"]
[ECO "B12"]
[WhiteElo "2264"]
[BlackElo "2197"]
[Annotator "TA"]
[PlyCount "94"]
[EventDate "2022.06.25"]
[EventType "swiss"]
[EventCountry "POL"]
[SourceTitle "playchess.com"]
[Source "ChessBase"]
[SourceQuality "1"]
[TimeControl "40/5400+30:1800+30"]

1. e4 c6 2. d4 d5 3. e5 Bf5 4. h4 h5 5. Bg5 Qb6 6. Bd3 {[%emt 0:00:04] [#] B12: Caro-Kann: Advance Variation.} Qxd4 $1 7. Nf3 $1 Qg4 8. Bxf5 $1 {[%emt 0:00:08] Black is slightly better. 8.Bxf5 is better than 8.0-0.} Qxf5 9. O-O f6 10. c4 fxg5 11. cxd5 {[%emt 0:00:26] [#]} cxd5 $146 ({Predecessor:} 11... g4 12. Ng5 cxd5 13. Qxd5 Nc6 14. Nc3 Rd8 15. Qb5 e6 16. Qxb7 Nge7 17. Nb5 Na5 {0-1 (40) Lucas,A (2283)-Joie,S (2393) Europe Echecs INT 2020}) 12. Nc3 Nc6 $1 13. Qb3 O-O-O ({Much worse is} 13... Nxe5 $6 14. Qb5+ Nc6 15. Nxd5 $11) ({Black should play} 13... g4 $17 14. Nxd5 O-O-O) 14. Rac1 Qd7 $2 (14... Qd3 $15 {keeps the upper hand.} 15. Nxg5 Rh6) 15. e6 $1 $16 {[%emt 0:11:37] White is more active.} Qxe6 16. Nxg5 $2 (16. hxg5 $16 {aiming for Nb5.} Kb8 17. Nb5) 16... Qd7 $1 $17 17. Nf7 {[%emt 0:03:06][%cal Bg5f7,Bf7h8,Bh8g6,Bg6e7][%mdl 32] [#]} e6 $2 18. Nxh8 $14 {[%emt 0:01:00] Black must now prevent Nb5.} Bd6 {[%emt 0:00:04] White now steadily converts the win.} (18... Nf6 $14) 19. Nb5 $16 Bb8 (19... Rf8 $16) 20. Ng6 {[%emt 0:12:35] And now Rfe1 would win.} Nge7 21. Nxe7+ Qxe7 22. Qh3 {[%emt 0:00:22] Strongly threatening Rfe1.} a6 (22... Re8 $142 23. Nd4 Qd6) 23. Nd4 $1 $18 Kd7 {[%emt 0:00:04] [#]} 24. Rxc6 bxc6 25. Re1 Re8 26. Rxe6 ({But not} 26. Nxe6 $6 Qxe6 27. Rxe6 Rxe6 $18) 26... Qxe6 27. Nxe6 Rxe6 {[%emt 0:00:03][%mdl 4096] Endgame KQ-KRB} 28. Kf1 d4 $2 (28... Bc7 {is a better defense.} 29. Qc3 Rf6) 29. b4 Bc7 30. Qf5 g6 31. Qf7+ Kd6 32. Qf4+ Re5 33. Qxd4+ Ke6 34. Qc4+ Kd6 35. Qxa6 Bd8 36. Qd3+ Rd5 37. Qxg6+ Kc7 38. g3 Kb6 39. a4 {[%emt 0:01:53][%cal Ba2a4,Ba4a5,Ba5a6,Ba6a7][%mdl 32] b5 is the strong threat.} Be7 40. b5 Bd6 41. Qe8 cxb5 42. a5+ Kc5 43. a6 {[%emt 0:02:08] White mates.} Rd1+ 44. Ke2 Ra1 45. a7 Ra2+ 46. Kf3 Ra3+ {[%emt 0:00:05] [#]} 47. Qe3+ $3 Kd5 {Weighted Error Value: White=0.22 (precise) /Black=0.57} (47... Rxe3+ 48. fxe3) 1-0